 Dungeon Crawl Stone Soup version 0.28-a0-1415-g7c84da036a (webtiles) character file.

Game seed: 4920783219067440567

14213 brmiller01 the Basher (level 11, 0/91 (101) HPs)
             Began as a Minotaur Fighter on Jan 8, 2022.
             Was the Champion of Okawaru.
             Slain by a wraith (9 damage)
             ... led by Josephine
             ... on level 9 of the Dungeon.
             The game lasted 00:22:34 (11249 turns).

brmiller01 the Basher (Minotaur Fighter)           Turns: 11249, Time: 00:22:35

HP:   0/91 (101)    AC: 21    Str: 25    XL:     11   Next: 85%
MP:   11/12         EV:  9    Int:  5    God:    Okawaru [******]
Gold: 181           SH:  7    Dex: 10    Spells: 10/10 levels left

rFire   . . .      SeeInvis .   f - +7 mace of Ciulle {flame, Drain rElec rPois}
rCold   . . .      Faith    .   t - +0 buckler {rPois}
rNeg    . . .      Spirit   .   c - +0 plate armour
rPois   +          Reflect  .   w - +1 hat
rElec   +          Harm     .   a - +2 cloak {Will+}
rCorr   .          Rampage  .   (no gloves)
Will    +....                   (no boots)
Stlth   ..........              b - amulet of regeneration
HPRegen 1.05/turn               (no ring)
MPRegen 0.13/turn               (no ring)

@: heroic, slowed, drained, very slow
A: horns 2, retaliatory headbutt
a: Renounce Religion, Heroism, Finesse, Duel


You were on level 9 of the Dungeon.
You worshipped Okawaru.
Okawaru was exalted by your worship.
You visited 2 branches of the dungeon, and saw 11 of its levels.

You collected 434 gold pieces.
You spent 253 gold pieces at shops.

Inventory:

Hand Weapons
 f - the +7 mace of Ciulle (weapon) {flame, Drain rElec rPois}
   (You found it on level 6 of the Dungeon)

   It burns those it strikes, dealing additional fire damage.
   rElec:     It insulates you from electricity.
   rPois:     It protects you from poison.
   Drain:     It drains your maximum health when unequipped.
Missiles
 g - 397 stones (quivered)
Armour
 a - a +2 cloak of willpower (worn)
 c - a +0 plate armour (worn)
 t - a +0 buckler of poison resistance (worn)
 w - a +1 hat (worn)
Jewellery
 b - an amulet of regeneration (around neck)
Wands
 n - a wand of mindburst (11)
 u - a wand of flame (1)
 v - a wand of iceblast (4)
Scrolls
 h - a scroll of silence {unknown}
 j - 6 scrolls of identify {unknown}
 m - a scroll of amnesia {unknown}
 o - 2 scrolls of noise {unknown}
 p - a scroll of fear {unknown}
 q - 2 scrolls of magic mapping {unknown}
 r - 5 scrolls of teleportation {unknown}
 y - 2 scrolls of acquirement {unknown}
 A - a scroll of immolation {unknown}
 B - a scroll of fog {unknown}
 C - a scroll of summoning {unknown}
 D - a scroll of enchant armour {unknown}
 F - a scroll of vulnerability {unknown}
 G - a scroll of torment {unknown}
Potions
 d - 2 potions of might
 e - a potion of brilliance {unknown}
 i - a potion of berserk rage {unknown}
 k - 4 potions of haste
 l - a potion of lignification {unknown}
 s - a potion of heal wounds {unknown}
 x - 2 potions of degeneration {unknown}
 z - 2 potions of curing {unknown}
 E - a potion of magic {unknown}


   Skills:
 + Level 10.8(15.8) Fighting
 * Level 14.4(19.4) Maces & Flails
 + Level 10.8(15.8) Armour
 + Level 10.9(15.9) Shields
 + Level 3.3 Invocations


You had 10 spell levels left.
You didn't know any spells.
Your spell library contained the following spells:

 Spells                   Type           Power      Damage    Failure   Level
 Magic Dart               Conj           0%         1d3       99%         1
 Searing Ray              Conj           0%         2d4       99%         2
 Static Discharge         Conj/Air       0%         N/A       99%         2
 Gell's Gravitas          Tloc           0%         N/A       100%        3
 Ozocubu's Armour         Ice            0%         N/A       100%        3
 Teleport Other           Tloc           0%         N/A       100%        3
 Fulminant Prism          Conj/Hex       0%         3d6       100%        4
 Lightning Bolt           Conj/Air       0%         1d11      100%        5
 Metabolic Englaciation   Hex/Ice        0%         N/A       100%        5
 Dispersal                Tloc           0%         N/A       100%        6
 Maxwell's Capacitive Co  Air            0%         ∞         100%        8
 Simulacrum               Ice/Necr       Unusable   N/A       N/A         6
 Malign Gateway           Summ/Tloc      Unusable   N/A       N/A         7
 Summon Horrible Things   Summ           Unusable   N/A       N/A         8

Dungeon Overview and Level Annotations

Branches:
Dungeon (10/15)            Temple (1/1) D:6            Lair (0/6) D:9
    Orc: D:9-12

Altars:
Ashenzari
Cheibriados
Dithmenos
Elyvilon
Fedhas
Gozag
Hepliaklqana
Kikubaaqudgha
Makhleb
Nemelex Xobeh
Okawaru
Qazlal
Ru
Sif Muna
Trog
Uskayaw
Vehumet
Wu Jian
Xom
Yredelemnul
Zin
The Shining One

Shops:
D:2 [


Innate Abilities, Weirdness & Mutations

You have a pair of horns on your head.
You reflexively headbutt those who attack you in melee.


Message History

The wraith completely resists.
The ghostly fireball engulfs Josephine.
Josephine completely resists.
The ghostly fireball engulfs the wraith.
The wraith completely resists.
Unknown command.
You closely miss Josephine.
Josephine is moderately wounded.
You block the wraith's attack. The wraith hits you but does no damage.
Josephine hits you with a +0 dagger of holy wrath.
You sock Josephine! You burn Josephine.
You headbutt Josephine, but do no damage.
Josephine is severely wounded.
The wraith hits you but does no damage. You block the wraith's attack.
Josephine hits you with a +0 dagger of holy wrath.
The wraith hits you but does no damage.
You are too injured to fight recklessly!
You are too injured to fight recklessly!
You are too injured to fight recklessly!
You are too injured to fight recklessly!
You thump Josephine! You burn Josephine.
Josephine is severely wounded.
The wraith hits you but does no damage. Josephine draws life force from you!!
* * * LOW HITPOINT WARNING * * *
Josephine is healed by the life force!
The wraith hits you.
* * * LOW HITPOINT WARNING * * *
You hit Josephine. You burn Josephine. Your headbutt misses Josephine.
Josephine is severely wounded.
The wraith barely misses you. You furiously retaliate!
You headbutt the wraith. Josephine barely misses you. The wraith hits you.
* * * LOW HITPOINT WARNING * * *
The wraith drains your vigour!
You feel as though you will be slow longer.
You bludgeon Josephine!! You burn Josephine.
You kill Josephine!
Okawaru is honoured by your kill. You block the wraith's attack.
The wraith hits you but does no damage.
You bludgeon the wraith!! You burn the wraith.
The wraith is severely damaged.
You block the wraith's attack. x2; The wraith hits you!
You die...

#################################
.................................
......)<)...............###......
........................# #......
.................)......# #......
##.............#@.......# #......
...............#WW......# #......
...#########...#........# #......
...#.......#............# #......
##.#.......†............# #......
#.#.......#............###......
#†#.......#...................[.
#.#....>..################......
#.#...............#......#......


You could see 2 wraiths.

Vanquished Creatures
  Josephine (D:9)
  3 two-headed ogres
  5 death yaks (D:9)
  Maurice (D:8)
  A centaur skeleton (D:10)
  A redback zombie (D:10)
  2 hellwings (D:10)
  A troll (D:8)
  A hornet (D:9)
  2 meliai zombies (D:10)
  A spriggan (shapeshifter) (D:9)
  11 yaks
  A wyvern (D:10)
  Eustachio (D:7)
  2 steam dragons
  3 water moccasins
  2 acid dragons
  2 orc warriors
  An ice beast (D:8)
  2 sky beasts
  2 black bears
  3 necrophages (D:6)
  4 ogres
  3 centaurs
  A kobold brigand (D:9)
  3 bullfrogs
  A water moccasin zombie (D:5)
  2 scorpions (D:4)
  A water moccasin skeleton (D:6)
  16 wights
  3 howler monkeys
  4 centaur zombies
  A bullfrog zombie (D:3)
  Crazy Yiuf (D:6)
  2 jellies (D:6)
  3 hounds
  2 gnoll shamans
  A bullfrog skeleton (D:5)
  3 iguanas
  4 orc wizards
  A hound zombie (D:5)
  8 gnolls
  An adder (D:3)
  4 shadow imps (D:10)
  A white imp (D:6)
  An adder skeleton (D:5)
  2 worms
  2 dart slugs
  15 orcs
  6 endoplasms
  3 giant cockroaches
  6 goblins
  5 hobgoblins
  6 jackals
  4 quokkas
  6 ball pythons
  5 bats
  4 frilled lizards
  11 kobolds
  2 rats (D:3)
197 creatures vanquished.

Vanquished Creatures (others)
  7 withered plants (D:10)
7 creatures vanquished.

Grand Total: 204 creatures vanquished

Notes
Turn   | Place    | Note
-------+----------+-------------------------------------------
     0 | D:1      | brmiller01 the Minotaur Fighter began the quest for the
                  | Orb.
     0 | D:1      | Reached XP level 1. HP: 19/19 MP: 0/0
   210 | D:1      | Reached XP level 2. HP: 27/27 MP: 1/1
   480 | D:1      | Reached skill level 3 in Maces & Flails
  1641 | D:2      | Reached XP level 3. HP: 28/33 MP: 2/2
  1831 | D:2      | Found Nismuuf's Armour Shoppe.
  2503 | D:3      | Noticed an ogre
  2549 | D:3      | Killed an ogre
  2550 | D:3      | Reached skill level 4 in Maces & Flails
  2550 | D:3      | Reached XP level 4. HP: 9/41 MP: 3/3
  3071 | D:3      | Reached XP level 5. HP: 46/47 MP: 4/4
  3381 | D:3      | Found a broken altar of Ashenzari.
  3654 | D:4      | Reached skill level 5 in Maces & Flails
  4079 | D:4      | Noticed a sky beast
  4085 | D:4      | Killed a sky beast
  4086 | D:4      | Reached skill level 5 in Fighting
  4086 | D:4      | Reached skill level 5 in Armour
  4086 | D:4      | Reached skill level 5 in Shields
  4086 | D:4      | Reached XP level 6. HP: 56/56 MP: 5/5
  4338 | D:5      | Entered Level 5 of the Dungeon
  4362 | D:5      | Reached skill level 6 in Maces & Flails
  4427 | D:5      | Reached XP level 7. HP: 51/61 MP: 6/6
  4746 | D:5      | HP: 2/61 [ogre (19)]
  5341 | D:2      | Bought a +0 plate armour for 253 gold pieces
  5760 | D:5      | Reached skill level 7 in Maces & Flails
  6384 | D:6      | Reached XP level 8. HP: 67/69 MP: 7/7
  6575 | D:6      | Found a staircase to the Ecumenical Temple.
  6629 | Temple   | Entered the Ecumenical Temple
  7084 | Temple   | Became a worshipper of Warmaster Okawaru
  7219 | D:6      | Reached skill level 8 in Maces & Flails
  7575 | D:6      | Found a runed translucent door.
  7576 | D:6      | Noticed Crazy Yiuf
  7577 | D:6      | Identified the +7 mace of Ciulle {flame, Drain rElec rPois}
  7585 | D:6      | Killed Crazy Yiuf
  7585 | D:6      | Reached * piety under Okawaru
  7586 | D:6      | Reached skill level 9 in Maces & Flails
  7718 | D:6      | Reached XP level 9. HP: 77/79 MP: 8/8
  8106 | D:7      | Noticed Eustachio
  8254 | D:7      | Killed Eustachio
  8326 | D:7      | Reached ** piety under Okawaru
  8336 | D:7      | Reached skill level 10 in Maces & Flails
  8681 | D:8      | Noticed Maurice
  8691 | D:8      | Killed Maurice
  8790 | D:8      | Noticed a troll
  8817 | D:8      | Killed a troll
  8818 | D:8      | Reached skill level 11 in Maces & Flails
  8976 | D:8      | Reached *** piety under Okawaru
  9131 | D:8      | Reached XP level 10. HP: 74/90 MP: 9/9
  9361 | D:9      | Noticed a two-headed ogre
  9390 | D:9      | Killed a two-headed ogre
  9442 | D:9      | Reached **** piety under Okawaru
  9487 | D:9      | Noticed a death yak
  9488 | D:9      | Noticed a death yak
  9489 | D:9      | Noticed a death yak
  9513 | D:9      | Noticed a death yak
  9517 | D:9      | Noticed a death yak
  9523 | D:9      | Killed a death yak
  9524 | D:9      | Reached skill level 12 in Maces & Flails
  9530 | D:9      | Killed a death yak
  9541 | D:9      | Killed a death yak
  9548 | D:9      | Killed a death yak
  9548 | D:9      | Reached ***** piety under Okawaru
  9570 | D:9      | Killed a death yak
  9571 | D:9      | Reached skill level 13 in Maces & Flails
  9571 | D:9      | Reached XP level 11. HP: 14/99 MP: 4/10
  9668 | D:9      | Noticed a two-headed ogre
  9683 | D:9      | Killed a two-headed ogre
  9684 | D:9      | Reached skill level 10 in Fighting
  9684 | D:9      | Reached skill level 10 in Armour
  9684 | D:9      | Reached skill level 10 in Shields
 10175 | D:9      | Found a staircase to the Lair.
 10460 | D:10     | Entered Level 10 of the Dungeon
 10662 | D:10     | Noticed a two-headed ogre
 10673 | D:10     | Killed a two-headed ogre
 10674 | D:10     | Reached skill level 1 in Invocations
 10760 | D:10     | Received a gift from Okawaru
 11054 | D:10     | Reached skill level 14 in Maces & Flails
 11155 | D:10     | Noticed Josephine
 11248 | D:9      | Killed Josephine
 11248 | D:9      | Reached ****** piety under Okawaru
 11249 | D:9      | Slain by a wraith

Illustrated notes

Levels and vault maps discovered:
D:1:      lemuel_arrival_broad_hall, layout_basic, nicolae_figureground_pulse
D:2:      layout_basic, serial_shops, shop, hangedman_decor_riveting
D:3:      layout_loops_corners, lemuel_round_altar
D:4:      layout_gridville, minivault_19, due_unseen_surprise
D:5:      layout_cave_pods
D:6:      layout_layer_cave, minmay_temple_entry_wispy, minmay_circle_x,
          uniq_crazy_yiuf_cottage
D:7:      layout_rooms, sword_in_stone
D:8:      layout_basic, uniq_maurice
D:9:      layout_stronghold, dpeg_lair_monsters, serial_glass, glass_columns_b,
          glass_columns_a, hive_lemuel
D:10:     cheibrodos_grave_circle, layout_irregular_city, orc_0_dummy,
          uniq_josephine
Temple:   mainiacjoe_temple_trianglar_array

Skill      XL: |  1  2  3  4  5  6  7  8  9 10 11 |
---------------+----------------------------------+-----
Maces & Flails | 3 4 5 6 7 9 11 13 14 | 14.4
Armour         | 4 5 6 7 8 9 10 | 10.8
Shields        | 4 5 6 7 8 9 10 | 10.9
Fighting       | 4 5 6 7 8 9 10 | 10.8
Invocations    | 3 |  3.3

Action                   |  1- 3 |  4- 6 |  7- 9 | 10-12 || total
-------------------------+-------+-------+-------+-------++-------
Melee: Flail             |    81 |    85 |   117 |       ||   283
       Headbutt          |     8 |     8 |    42 |    57 ||   115
       Mace              |       |       |   132 |   250 ||   382
Throw: Stone             |     5 |       |     8 |     2 ||    15
Invok: Heroism           |       |       |     1 |     6 ||     7
       Finesse           |       |       |       |     1 ||     1
Armor: Scale mail        |    34 |    31 |     7 |       ||    72
       Plate armour      |       |       |   135 |   182 ||   317
Dodge: Dodged            |    33 |    45 |    63 |    77 ||   218
Block: Buckler           |    14 |    23 |    62 |    76 ||   175

Table legend: (Time is in decaauts)
 A = Elapsed time spent in this place.
 B = Non-inter-level travel time spent in this place.
 C = Inter-level travel time spent in this place.
 D = Time resting spent in this place.
 E = Time spent auto-exploring this place.
 F = Levels seen in this place.
 G = Mean time per level.
                   A        B        C        D        E       F      G
               +--------+--------+--------+--------+--------+-----+--------+
         Total |  11235 |  10680 |    555 |   1536 |   7313 |  11 | 1021.4 |
       Dungeon |  10693 |  10253 |    440 |   1536 |   6889 |  10 | 1069.3 |
        Temple |    541 |    426 |    115 |      0 |    424 |   1 |  541.0 |
               +--------+--------+--------+--------+--------+-----+--------+

Top non-repeatable levels by time:
     D:6: 1451 daAuts
     D:5: 1438 daAuts
     D:9: 1362 daAuts
     D:1: 1289 daAuts
     D:3: 1188 daAuts
     D:4: 1164 daAuts
     D:2: 1159 daAuts
     D:8: 619 daAuts
  Temple: 541 daAuts
     D:7: 525 daAuts
    D:10: 495 daAuts
